 Dungeon Crawl Stone Soup version 0.25.1-2-g60ff931 (webtiles) character file.

Game seed: 12152690856002666415

1965 Askren the Basher (level 9, -2/78 HPs)
             Began as a Yellow Draconian Berserker on Sept 15, 2020.
             Was a Believer of Trog.
             Slain by an orc warrior
             ... wielding a +0 halberd
              (10 damage)
             ... on level 7 of the Dungeon.
             The game lasted 00:20:35 (5486 turns).

Askren the Basher (Yellow Draconian Berserker)      Turns: 5486, Time: 00:20:36

Health: -2/78      AC:  8    Str: 27 (29) XL:     9   Next: 0%
Magic:  9/9        EV: 14    Int:  4 (7)  God:    Trog [**....]
Gold:   95         SH:  4    Dex:  9 (11) Spells: 8/8 levels left

rFire    . . .     SeeInvis +   a - +0 mace
rCold    . . .     Gourm    .   j - +0 buckler
rNeg     + . .     Faith    .   (armour unavailable)
rPois    .         Spirit   .   (helmet restricted)
rElec    .         Reflect  .   C - +0 cloak
rCorr    +         Harm     .   (no gloves)
MR       +....                  (no boots)
Stlth    ++........             (no amulet)
HPRegen  0.23/turn              d - +6 ring of strength
MPRegen  0.11/turn              A - ring of positive energy

@: berserk cooldown, slowed, very slow
A: spit acid, unfitting armour, see invisible, magic resistance 1, cold-blooded,
acid resistance, AC +7
a: Breathe Acid, Berserk, Trog's Hand, Renounce Religion


You were on level 7 of the Dungeon.
You worshipped Trog.
Trog was pleased with you.
You were very hungry.

You visited 1 branch of the dungeon, and saw 8 of its levels.

You collected 383 gold pieces.
You spent 288 gold pieces at shops.

Inventory:

Hand Weapons
 a - a +0 mace (weapon)
 y - a +3 quarterstaff of chaos
Armour
 j - a +0 buckler (worn)
 C - a +0 cloak (worn)
 D - the cursed +0 ring mail of Disaster {rF+, unknown}
   (You found it on level 7 of the Dungeon)

   It protects you from fire.
   It has a curse placed upon it.
Jewellery
 d - a +6 ring of strength (left hand)
 g - an uncursed ring of see invisible {unknown}
 o - an uncursed ring of protection from fire {unknown}
 s - an uncursed ring of positive energy
 A - a ring of positive energy (right hand)
Wands
 z - a wand of random effects (17)
Scrolls
 c - 7 scrolls of identify
 f - a scroll of blinking {unknown}
 h - a scroll of fear {unknown}
 l - 3 scrolls of remove curse {unknown}
 r - 2 scrolls of magic mapping {unknown}
 t - a scroll of enchant armour {unknown}
 v - 2 scrolls of amnesia {unknown}
 w - a scroll of teleportation {unknown}
Potions
 e - 3 potions of degeneration
 i - 2 potions of flight {unknown}
 k - 2 potions of mutation
 n - 3 potions of cancellation {unknown}
 p - 2 potions of lignification {unknown}
 q - a potion of berserk rage {unknown}
 u - 2 potions of stabbing {unknown}
 x - 3 potions of heal wounds {unknown}
 B - a potion of haste {unknown}
Comestibles
 b - 9 rations


   Skills:
 + Level 6.5 Fighting
 + Level 8.3 Maces & Flails
 + Level 5.7 Dodging
 + Level 2.1 Stealth
 + Level 3.6 Shields


You had 8 spell levels left.
You didn't know any spells.
Your spell library was empty.

Dungeon Overview and Level Annotations

Branches:
Dungeon (8/15)
 Temple: D:4-7         Lair: D:8-11

Altars:
Makhleb
Sif Muna
Trog
Vehumet
Zin

Shops:
D:5 =   D:7 ?


Innate Abilities, Weirdness & Mutations

You can spit globs of acid.
Your golden yellow scales are hard. (AC +7)
You cannot fit into any form of body armour.
You are cold-blooded and may be slowed by cold attacks.
You are resistant to acid. (rCorr)
You have supernaturally acute eyesight. (SInv)
You are resistant to hostile enchantments. (MR+)


Message History

The orc warrior barely misses you.
You hit the orc.
The orc is lightly wounded.
The orc hits you but does no damage. The orc warrior misses you.
You block the orc's attack. The orc warrior closely misses you.
You hit the orc.
The orc is severely wounded.
The orc hits you but does no damage.
The orc warrior hits you from afar with a +0 halberd!
* * * LOW HITPOINT WARNING * * *
It was a potion of degeneration.
There was something very wrong with that liquid.
You feel weakened.
You feel dopey.
You feel clumsy. The orc hits you but does no damage.
The orc warrior misses you. The orc barely misses you.
It was a potion of mutation.
You feel extremely strange.
Your vision sharpens.
You feel resistant to hostile enchantments.
The orc warrior hits you from afar with a +0 halberd!
You die...

##########
#.........
#########.#######.
#.................
#.###.###.###.####
#.# #.###.# #.#
#.# #.#...# #.#
#.# #.#.### #.#
#@# #.#.# ... #o#
#.#.## ...
#o###o...# ...
#...)#........#
#####....#.####
#.#.##.# #.#.# #
#.#.# #.#.#


You could see an orc warrior and an orc.

Vanquished Creatures
  A sky beast (D:6)
  An orc warrior (D:6)
  An ice beast (D:5)
  A necrophage (D:6)
  3 centaurs
  3 ogres
  2 scorpions (D:6)
  6 killer bees (D:7)
  A howler monkey (D:5)
  3 crimson imps (D:6)
  Crazy Yiuf (D:6)
  An orc priest (D:6)
  2 hounds
  A bullfrog skeleton (D:7)
  Jessica (D:2)
  An iguana (D:4)
  5 worker ants
  A killer bee zombie (D:6)
  2 hound skeletons
  2 howler monkey zombies
  14 adders
  2 shadow imps (D:5)
  An ooze (D:2)
  2 adder zombies
  A worm (D:3)
  3 dart slugs
  5 leopard geckos
  3 orcs
  2 ball pythons
  7 giant cockroaches
  5 goblins
  5 hobgoblins
  4 quokkas
  6 bats
  3 frilled lizards
  2 kobolds
  2 quokka zombies
  4 rats
110 creatures vanquished.

Notes
Turn   | Place    | Note
-------+----------+-------------------------------------------
     0 | D:1      | Askren the Draconian Berserker began the quest for the Orb.
     0 | D:1      | Reached XP level 1. HP: 19/19 MP: 1/1
   244 | D:1      | Reached XP level 2. HP: 23/26 MP: 2/2
  1049 | D:2      | Noticed Jessica
  1060 | D:2      | Killed Jessica
  1060 | D:2      | Reached XP level 3. HP: 30/33 MP: 3/3
  1668 | D:2      | Found a burning altar of Makhleb.
  1672 | D:2      | Reached skill level 4 in Maces & Flails
  1672 | D:2      | Reached XP level 4. HP: 35/40 MP: 4/4
  1896 | D:3      | Found a glowing silver altar of Zin.
  2012 | D:3      | Reached ** piety under Trog
  2192 | D:3      | Reached XP level 5. HP: 47/47 MP: 5/5
  3089 | D:4      | Found a bloodstained altar of Trog.
  3127 | D:5      | Entered Level 5 of the Dungeon
  3143 | D:5      | Noticed an ice beast
  3152 | D:5      | Killed an ice beast
  3152 | D:5      | Reached skill level 5 in Maces & Flails
  3152 | D:5      | Reached skill level 1 in Shields
  3152 | D:5      | Reached XP level 6. HP: 55/55 MP: 6/6
  3205 | D:5      | Found a shimmering blue altar of Sif Muna.
  3345 | D:5      | Reached skill level 5 in Fighting
  3521 | D:5      | Found Ziecrar's Jewellery Shop.
  3539 | D:5      | Reached skill level 1 in Stealth
  3539 | D:5      | Your scales start taking on a golden yellow colour.
  3539 | D:5      | Reached XP level 7. HP: 61/61 MP: 7/7
  3539 | D:5      | Gained mutation: You are resistant to acid. (rCorr) [Yellow
                  | Draconian growth]
  3783 | D:5      | Found a radiant altar of Vehumet.
  3859 | D:5      | Reached skill level 6 in Maces & Flails
  3932 | D:5      | Bought an uncursed ring of positive energy for 240 gold
                  | pieces
  4275 | D:6      | You fall into a shaft and drop 2 floors!
  4322 | D:8      | Reached XP level 8. HP: 55/69 MP: 8/8
  4357 | D:7      | Found Wyod's Magic Scroll Shop.
  4365 | D:7      | Bought a scroll of identify for 24 gold pieces
  4365 | D:7      | Bought a scroll of identify for 24 gold pieces
  4555 | D:6      | Reached skill level 7 in Maces & Flails
  4606 | D:6      | Reached skill level 5 in Dodging
  4945 | D:6      | Found a runed translucent door.
  4946 | D:6      | Noticed Crazy Yiuf
  4958 | D:6      | Killed Crazy Yiuf
  5444 | D:7      | Got a tiger eye-encrusted ring mail
  5455 | D:7      | Reached skill level 8 in Maces & Flails
  5474 | D:7      | Reached XP level 9. HP: 28/78 MP: 9/9
  5486 | D:7      | Gained mutation: You have supernaturally acute eyesight.
                  | (SInv) [potion of mutation]
  5486 | D:7      | Gained mutation: You are resistant to hostile enchantments.
                  | (MR+) [potion of mutation]
  5486 | D:7      | Slain by an orc warrior

Illustrated notes

Levels and vault maps discovered:
D:1:      scummos_arrival_hexagon, layout_rooms, serial_rivers,
          chequers_serial_rivers_micro_b, chequers_serial_rivers_micro_b,
          chequers_serial_rivers_small_3, chequers_serial_rivers_small_3
D:2:      layout_loops_corners, makhleb_blood_cavern_becter, uniq_jessica
D:3:      layout_loops_ring, lemuel_crystal_altar, first_ration
D:4:      layout_rooms, lightli_temple_of_fire, grunt_ministairs_7
D:5:      layout_basic, lemuel_doored_altar, nicolae_overflow_crystal_walls,
          serial_shops, nicolae_shop_waterfront
D:6:      minmay_evil_eye, layout_basic, uniq_crazy_yiuf_cottage
D:7:      layout_loops_ring, yredelemnul_forgotten_temple_becter,
          kennysheep_little_box, temple_green, serial_shops, shop, shop, shop,
          shop, shop, uniq_duvessa
D:8:      layout_rooms, lemuel_crystal_altar, enter_ossuary_4,
          uniq_prince_ribbit1

Skill      XL: |  1  2  3  4  5  6  7  8 |
---------------+-------------------------+-----
Dodging        | 3 4 5 |  5.7
Fighting       | 4 5 6 |  6.5
Maces & Flails | 4 5 6 8 |  8.3
Shields        | 1 2 3 |  3.6
Stealth        | 1 2 |  2.1

Action                   |  1- 3 |  4- 6 |  7- 9 || total
-------------------------+-------+-------+-------++-------
Melee: Mace              |    75 |   137 |   235 ||   447
       Tailslap          |     9 |    19 |    31 ||    59
Invok: Berserk           |     1 |     2 |     5 ||     8
       Trog's Hand       |       |     1 |     8 ||     9
  Use: Scroll            |       |     1 |     1 ||     2
       Potion            |       |     2 |     4 ||     6
  Eat: Chunk             |     3 |     4 |    14 ||    21
       Ration            |       |     1 |       ||     1
Armor: Skin              |    22 |    45 |    62 ||   129
Dodge: Dodged            |    59 |   101 |   146 ||   306
Block: Buckler           |    10 |    30 |    49 ||    89
